 Dungeon Crawl Stone Soup version 0.27-a0-1332-g84bddb5ca7 (webtiles) character file.

Game seed: 2024802081103064965

1260 pokeman the Thaumaturge (level 8, 0/44 HPs)
             Began as a Deep Elf Hedge Wizard on June 25, 2021.
             Slain by a bullfrog skeleton (3 damage)
             ... on level 6 of the Dungeon.
             The game lasted 00:13:48 (6115 turns).

pokeman the Thaumaturge (Deep Elf Hedge Wizard)     Turns: 6115, Time: 00:13:49

Health: 0/44       AC:  6    Str:  7    XL:     8   Next: 27%
Magic:  0/23       EV: 12    Int: 22    God:
Gold:   266        SH:  0    Dex: 14    Spells: 14/25 levels left

rFire    + . .     SeeInvis .   w - staff of fire
rCold    . . .     Faith    .   (no shield)
rNeg     . . .     Spirit   .   f - +0 leather armour
rPois    .         Reflect  .   c - +0 hat
rElec    .         Harm     .   e - +0 cloak
rCorr    +         Rampage  .   l - +0 pair of gloves
Will     .....                  d - +0 pair of boots
Stlth    ++........             (no amulet)
HPRegen  0.14/turn              r - ring of resist corrosion
MPRegen  0.18/turn              (no ring)

@: no status effects
A: no striking features
a: no special abilities


You were on level 6 of the Dungeon.
You visited 2 branches of the dungeon, and saw 7 of its levels.

You collected 266 gold pieces.

Inventory:

Hand Weapons
 a - a +2 quarterstaff of draining
 t - a +0 shortbow
Missiles
 s - 21 bolts
 u - 12 arrows
Armour
 c - a +0 hat (worn)
 d - a +0 pair of boots (worn)
 e - a +0 cloak (worn)
 f - a +0 leather armour (worn)
 i - a +0 crystal plate armour
 l - a +0 pair of gloves (worn)
 p - a scarf of shadows
Magical Staves
 g - a staff of earth
 w - a staff of fire (weapon)
Jewellery
 k - an amulet of guardian spirit
 r - a ring of resist corrosion (left hand)
Scrolls
 h - 4 scrolls of identify {unknown}
 j - a scroll of fear {unknown}
 m - a scroll of enchant weapon {unknown}
 n - a scroll of enchant armour {unknown}
 v - a scroll of amnesia {unknown}
Potions
 b - a potion of might {unknown}
 o - a potion of invisibility {unknown}
 q - 2 potions of curing {unknown}
 x - a potion of berserk rage {unknown}
 z - a potion of mutation {unknown}


   Skills:
 - Level 2.0 Fighting
 + Level 2.1 Armour
 - Level 3.0 Dodging
 - Level 3.0 Stealth
 * Level 9.4 Spellcasting
 + Level 4.8 Conjurations
 - Level 1.1 Summonings
 - Level 1.1 Translocations
 + Level 3.2 Fire Magic
 - Level 1.2 Air Magic
 - Level 1.0 Poison Magic
 - Level 1.2 Evocations


You had 14 spell levels left.
You knew the following spells:

 Your Spells              Type           Power      Damage    Failure   Level
a - Magic Dart            Conj           100%       1d8       1%          1
b - Mephitic Cloud        Conj/Pois/Air  20%        N/A       11%         3
c - Call Imp              Summ           15%        N/A       9%          2
d - Blink                 Tloc           N/A        N/A       9%          2
e - Conjure Flame         Conj/Fire      42%        6-21      5%          3

Your spell library contained the following spells:

 Spells                   Type           Power      Damage    Failure   Level
 Summon Small Mammal      Summ           60%        N/A       6%          1
 Slow                     Hex            10%        N/A       14%         2
 Call Canine Familiar     Summ           15%        N/A       19%         3
 Summon Guardian Golem    Hex/Summ       12%        N/A       22%         3
 Summon Lightning Spire   Summ/Air       15%        N/A       50%         4
 Summon Ice Beast         Ice/Summ       12%        N/A       58%         4


Dungeon Overview and Level Annotations

Branches:
Dungeon (6/15)             Temple (1/1) D:4

Altars:
Ashenzari
Cheibriados
Dithmenos
Elyvilon
Fedhas
Gozag
Kikubaaqudgha
Makhleb
Nemelex Xobeh
Qazlal
Sif Muna
Trog
Uskayaw
Wu Jian
Xom
Yredelemnul
Zin

Shops:
D:2 (   D:5 (

Annotations:
D:6 Pikel


Message History

You feel a surge of power!
The fire begins to smoulder!
The lemure hits your crimson imp.
Your crimson imp dies!
The fire ignites!
Casting: Conjure Flame (dangerous; 5% risk of failure)
Confirm with . or Enter, or press ? or * to list all spells.
You don't have enough magic to cast this spell.
Unknown command.
Casting: Conjure Flame (dangerous; 5% risk of failure)
Confirm with . or Enter, or press ? or * to list all spells.
Aiming: Mephitic Cloud (dangerous; 11% risk of failure)
Press: ? - help, Shift-Dir - straight line, f - lemure
Aim: a lemure (chance to affect: 77%)
The ball explodes into a vile cloud!
The stinking cloud engulfs the lemure but does no damage.
The lemure is engulfed in noxious fumes.
The lemure appears confused.
Unknown command.
The lemure is engulfed in noxious fumes.
An orc comes into view. It is wielding a +0 whip.
A bullfrog skeleton comes into view.
Found a leather armour.
The bullfrog skeleton hits you but does no damage.
Casting: Mephitic Cloud (dangerous; 11% risk of failure)
Confirm with . or Enter, or press ? or * to list all spells.
You feel a surge of power!
The fire begins to smoulder!
The bullfrog skeleton hits you.
* * * LOW HITPOINT WARNING * * *
The bullfrog skeleton closely misses you.
Unknown command.
The bullfrog skeleton barely misses you.
The fire ignites!
You hit the bullfrog skeleton.
The bullfrog skeleton is lightly damaged.
The bullfrog skeleton is engulfed in blazing flames.
The bullfrog skeleton hits you.
* * * LOW HITPOINT WARNING * * *
The bullfrog skeleton is engulfed in blazing flames.
The bullfrog skeleton hits you.
You die...

...>. #o.o(. ##.#
....... .......####.#
.......### .##.#.####..#
.........##.#..#.##...##
............5.##....###
.............# #...##
...........# ##..#
...........# ##..#
.......@Z..#####...#
...................#
.......................
...................#....
...................#....
.................[.# ...
...................# ...
.....................
###................#


You could see a lemure and a bullfrog skeleton.

Vanquished Creatures
  A hornet (D:5)
  A water moccasin (D:3)
  A black bear (D:5)
  A sky beast (D:6)
  An ogre (D:6)
  A centaur (D:5)
  A lemure (D:6)
  2 scorpions
  3 bullfrog zombies
  A hound (D:4)
  2 bullfrog skeletons (D:5)
  A gnoll shaman (D:5)
  2 iguanas
  A killer bee zombie (D:4)
  A hound skeleton (D:4)
  2 hound zombies (D:5)
  4 gnolls (D:5)
  5 adders
  3 ufetubi
  An adder skeleton (D:4)
  2 dart slugs (D:1)
  8 orcs
  2 bats (D:1)
  6 endoplasms
  A giant cockroach (D:3)
  7 goblins
  7 hobgoblins
  10 jackals
  4 kobolds (D:1)
  A quokka (D:1)
  2 ball pythons
  2 frilled lizards (D:1)
  7 rats
94 creatures vanquished.

Notes
Turn   | Place    | Note
-------+----------+-------------------------------------------
     0 | D:1      | pokeman the Deep Elf Hedge Wizard began the quest for the
                  | Orb.
     0 | D:1      | Reached XP level 1. HP: 10/10 MP: 7/7
   193 | D:1      | Reached XP level 2. HP: 16/16 MP: 3/9
   753 | D:1      | Reached skill level 5 in Spellcasting
   918 | D:1      | Reached XP level 3. HP: 20/20 MP: 8/11
   922 | D:1      | Learned a level 3 spell: Mephitic Cloud
   925 | D:1      | Learned a level 2 spell: Call Imp
   928 | D:1      | Learned a level 2 spell: Blink
   932 | D:1      | Learned a level 3 spell: Conjure Flame
  1098 | D:1      | Found a faded altar of an unknown god.
  1543 | D:2      | Reached skill level 1 in Armour
  1636 | D:2      | You fall into a shaft and drop 1 floor!
  1639 | D:2      | Found Fifoly's Weapon Shoppe.
  1941 | D:3      | Noticed a water moccasin
  1948 | D:3      | Killed a water moccasin
  1949 | D:3      | Reached skill level 1 in Fighting
  1949 | D:3      | Reached skill level 6 in Spellcasting
  1949 | D:3      | Reached XP level 4. HP: 15/25 MP: 3/14
  1949 | D:3      | Reached XP level 5. HP: 18/29 MP: 3/15
  2959 | D:4      | Reached skill level 1 in Fire Magic
  2980 | D:4      | Reached XP level 6. HP: 9/34 MP: 1/17
  3272 | D:4      | Found a staircase to the Ecumenical Temple.
  3279 | Temple   | Entered the Ecumenical Temple
  3586 | D:4      | Reached skill level 7 in Spellcasting
  4135 | D:5      | Entered Level 5 of the Dungeon
  4194 | D:5      | Reached skill level 1 in Air Magic
  4194 | D:5      | Reached skill level 1 in Evocations
  4417 | D:5      | Noticed a shadow
  4880 | D:5      | Reached XP level 7. HP: 28/38 MP: 7/20
  4889 | D:5      | Reached skill level 1 in Poison Magic
  5032 | D:5      | Found Udeghesch's Weapon Boutique.
  5259 | D:5      | Reached skill level 8 in Spellcasting
  5388 | D:5      | Noticed a hornet
  5398 | D:5      | Killed a hornet
  5712 | D:5      | Reached skill level 9 in Spellcasting
  5712 | D:5      | Reached XP level 8. HP: 24/44 MP: 15/23
  6025 | D:5      | Found an opulent altar of Gozag.
  6025 | D:5      | Found a snail-covered altar of Cheibriados.
  6056 | D:6      | Noticed Pikel
  6076 | D:6      | HP: 2/44 [lemure[Pikel] (7)]
  6115 | D:6      | Slain by a bullfrog skeleton

Illustrated notes

Levels and vault maps discovered:
D:1:      roderic_chinese_lattice_arrival, layout_basic,
          ebering_ecumenical_altar_mist, hex_medium,
          ebering_dispersal_statue_hall
D:2:      layout_rooms, serial_shops, shop
D:3:      layout_rooms
D:4:      layout_layer_cave, minmay_temple_entry_gardened_gates
D:5:      layout_basic, gammafunk_temple_overflow_pools, serial_shops,
          nicolae_shop_crystal
D:6:      layout_rooms, uniq_pikel
Temple:   regret_index_temple_waves

Skill      XL: |  1  2  3  4  5  6  7  8 |
---------------+-------------------------+-----
Spellcasting   | 5 6 7 9 |  9.4
Armour         | 1 2 |  2.1
Fighting       | 1 2 |  2.0
Dodging        | 3 |  3.0
Conjurations   | 2 3 4 |  4.8
Fire Magic     | 1 2 3 |  3.2
Stealth        | 3 |  3.0
Air Magic      | 1 |  1.2
Evocations     | 1 |  1.2
Poison Magic   | 1 |  1.0
Summonings     | |  1.1
Translocations | |  1.1

Action                   |  1- 3 |  4- 6 |  7- 9 || total
-------------------------+-------+-------+-------++-------
Melee: Dagger            |     3 |       |       ||     3
       Quarterstaff      |       |    32 |    26 ||    58
       Staff             |       |       |    11 ||    11
 Cast: Magic Dart        |    88 |    90 |    15 ||   193
       Conjure Flame     |     1 |    11 |    11 ||    23
       Mephitic Cloud    |       |     5 |    10 ||    15
       Call Imp          |       |     2 |     2 ||     4
 Stab: Confused          |       |       |     1 ||     1
Armor: Leather armour    |     5 |    18 |    18 ||    41
       Robe              |     1 |       |       ||     1
Dodge: Dodged            |     8 |    37 |    37 ||    82

Table legend: (Time is in decaauts)
 A = Elapsed time spent in this place.
 B = Non-inter-level travel time spent in this place.
 C = Inter-level travel time spent in this place.
 D = Time resting spent in this place.
 E = Time spent auto-exploring this place.
 F = Levels seen in this place.
 G = Mean time per level.
                   A        B        C        D        E       F      G
               +--------+--------+--------+--------+--------+-----+--------+
         Total |   6134 |   6004 |    130 |    455 |   4746 |   7 |  876.3 |
       Dungeon |   6002 |   5888 |    114 |    455 |   4631 |   6 | 1000.3 |
        Temple |    132 |    116 |     16 |      0 |    115 |   1 |  132.0 |
               +--------+--------+--------+--------+--------+-----+--------+

Top non-repeatable levels by time:
     D:5: 1720 daAuts
     D:4: 1685 daAuts
     D:1: 1358 daAuts
     D:3: 639 daAuts
     D:2: 527 daAuts
  Temple: 132 daAuts
     D:6: 71 daAuts
